 Dungeon Crawl Stone Soup version 0.23.2-33-g5129a83184 (webtiles) character file.

Game seed: 16056219340189392559

104 Gwenloh the Ruffian (level 4, -1/35 HPs)
             Began as a Draconian Transmuter on July 13, 2019.
             Slain by Grinder (4 damage)
             ... on level 2 of the Dungeon.
             The game lasted 00:07:02 (1698 turns).

Gwenloh the Ruffian (Draconian Transmuter)          Turns: 1698, Time: 00:07:04

Health: -1/35      AC:  5    Str: 13    XL:     4   Next: 52%
Magic:  7/7        EV: 12    Int: 14    God:
Gold:   62         SH:  0    Dex: 11    Spells: 2/8 levels left

rFire    . . .     SeeInvis .   h - +1 whip (venom)
rCold    . . .     Gourm    .   (no shield)
rNeg     . . .     Faith    .   (armour unavailable)
rPois    .         Spirit   .   (helmet restricted)
rElec    .         Reflect  .   (no cloak)
rCorr    +         Harm     .   (no gloves)
MR       .....                  (no boots)
Stlth    +.........             (no amulet)
HPRegen  0.11/turn              d - +2 ring of slaying
MPRegen  0.10/turn              p - ring of resist corrosion

@: slowed, very slow
A: unfitting armour, cold-blooded, AC +5
a: no special abilities


You were on level 2 of the Dungeon.
You were hungry.

You visited 1 branch of the dungeon, and saw 3 of its levels.

You collected 62 gold pieces.

Inventory:

Hand Weapons
 h - a +1 whip of venom (weapon)
Missiles
 a - 98 arrows
Jewellery
 d - a +2 ring of slaying (left hand)
 i - an uncursed ring of flight
 p - a ring of resist corrosion (right hand)
Scrolls
 j - a scroll of fear
Potions
 b - a potion of mutation
 e - a potion of lignification
 f - a potion of might {unknown}
 g - a potion of cancellation
 n - a potion of berserk rage {unknown}
Comestibles
 c - 3 rations


   Skills:
 + Level 1.3 Fighting
 + Level 1.3 Maces & Flails
 + Level 2.1 Dodging
 + Level 0.4 Stealth
 + Level 4.0 Unarmed Combat
 + Level 2.5 Spellcasting
 + Level 2.4 Transmutations


You had 2 spell levels left.
You knew the following spells:

 Your Spells              Type           Power        Failure   Level  Hunger
a - Beastly Appendage     Tmut           #.....       9%          1    #......
b - Sticks to Snakes      Tmut           #.......     13%         2    ###....
c - Spider Form           Tmut/Pois      #.........   38%         3    ###....

Your spell library contained the following spells:

 Spells                   Type           Power        Failure   Level  Hunger
 Ice Form                 Ice/Tmut       #.......     80%         4    #####..
 Blade Hands              Tmut           #.........   93%         5    ######.


Dungeon Overview and Level Annotations

Branches:
Dungeon (3/15)

Altars:

Annotations:
D:2 Grinder, Natasha
D:3 Ijyb


Innate Abilities, Weirdness & Mutations

Your plain brown scales are hard. (AC +5)
You cannot fit into any form of body armour.
You are cold-blooded and may be slowed by cold attacks.


Message History

Natasha hisses angrily.
The goblin shouts!
Ijyb shouts!
Grinder shouts!
The goblin shouts!
You hear a shout!
Found 6 gold pieces, a ration and a robe.
Found three stone staircases leading down.
There is a stone staircase leading up here.
Natasha stares at you and mumbles some strange words.
You feel yourself slow down. Grinder hits you.
You writhe in agony.
The goblin closely misses you.
You climb upwards.
There is a stone staircase leading down here.
You barely miss Grinder. Natasha misses you. Grinder hits you.
You writhe in agony.
The goblin hits you but does no damage.
You closely miss Grinder.
You tail-slap Grinder, but do no damage.
Natasha casts a spell at you. The magic dart hits you. Grinder hits you.
The goblin barely misses you. Natasha barely misses you. Grinder hits you!
* * * LOW HITPOINT WARNING * * *
You writhe in agony.
You die...

#.......# ##.......##
##.# ####.#### ##.....##
#... #.# ##...## #..#
#.# ##+## #..# #.# #.#
#... #.###########.#
#.## #.##..........##
#.#
#.##.#######...#######.#
#......g@##....(().((..#
####...5.h.....#########
#...........#
#.###)##.##.#
#.###.......#
#........#### ##########


You could see Grinder, Natasha and a goblin.

Vanquished Creatures
  Jessica (D:2)
  2 adders (D:2)
  A worm (D:2)
  5 dart slugs
  A ball python (D:2)
  4 giant cockroaches
  8 goblins
  7 hobgoblins
  4 kobolds
  A quokka (D:2)
  4 bats
  4 frilled lizards (D:1)
  2 rats (D:2)
44 creatures vanquished.

Notes
Turn   | Place    | Note
-------+----------+-------------------------------------------
     0 | D:1      | Gwenloh the Draconian Transmuter began the quest for the
                  | Orb.
     0 | D:1      | Reached XP level 1. HP: 16/16 MP: 3/3
   123 | D:1      | Reached XP level 2. HP: 20/23 MP: 5/5
   627 | D:1      | Reached XP level 3. HP: 26/28 MP: 6/6
   634 | D:1      | Learned a level 2 spell: Sticks to Snakes
   803 | D:2      | Noticed Jessica
   809 | D:2      | Killed Jessica
   985 | D:2      | Reached XP level 4. HP: 33/35 MP: 5/7
   995 | D:2      | Learned a level 3 spell: Spider Form
  1035 | D:2      | Reached skill level 1 in Maces & Flails
  1035 | D:2      | Reached skill level 4 in Unarmed Combat
  1693 | D:3      | Noticed Natasha
  1693 | D:3      | Noticed Ijyb
  1693 | D:3      | Noticed Grinder
  1698 | D:2      | Slain by Grinder

Skill      XL: |  1  2  3  4 |
---------------+-------------+-----
Dodging        | 2 |  2.1
Maces & Flails | 1 |  1.3
Unarmed Combat | 4 |  4.0
Fighting       | |  1.3
Stealth        | |  0.4
Spellcasting   | |  2.5
Transmutations | |  2.4

Action                   |  1- 3 |  4- 6 || total
-------------------------+-------+-------++-------
Melee: Unarmed           |    18 |       ||    18
       Tailslap          |     9 |     5 ||    14
       Headbutt          |     2 |       ||     2
       Whip              |    45 |    42 ||    87
       Kick              |     1 |       ||     1
       Punch             |     1 |       ||     1
 Cast: Beastly Appendage |     4 |     1 ||     5
  Use: Scroll            |     2 |     6 ||     8
 Stab: Sleeping          |     1 |     1 ||     2
  Eat: Chunk             |       |     2 ||     2
Armor: Skin              |    15 |     8 ||    23
Dodge: Dodged            |    35 |    28 ||    63
